 Dungeon Crawl Stone Soup version 0.28-a0-983-g1de4e0787c (webtiles) character file.

Game seed: 4842554580337574171

2 GregHouse the Chopper (level 1, 0/19 HPs)
             Began as a Hill Orc Monk on Dec 3, 2021.
             Slain by a quokka (4 damage)
             ... on level 1 of the Dungeon.
             The game lasted 00:00:25 (263 turns).

GregHouse the Chopper (Hill Orc Monk)                Turns: 263, Time: 00:00:26

Health: 0/19       AC:  2    Str: 13    XL:     1   Next: 30%
Magic:  1/1        EV: 12    Int: 10    God:
Gold:   13         SH:  0    Dex: 13    Spells: 0/0 levels left

rFire   . . .      SeeInvis .   a - +0 hand axe
rCold   . . .      Faith    .   (no shield)
rNeg    . . .      Spirit   .   b - +0 robe
rPois   .          Reflect  .   (no helmet)
rElec   .          Harm     .   (no cloak)
rCorr   .          Rampage  .   (no gloves)
Will    .....                   (no boots)
Stlth   ++........              (no amulet)
HPRegen 0.06/turn               (no ring)
MPRegen 0.07/turn               (no ring)

@: no status effects
A: no striking features
a: no special abilities


You were on level 1 of the Dungeon.
You visited 1 branch of the dungeon, and saw 1 of its levels.

You collected 13 gold pieces.

Inventory:

Hand Weapons
 a - a +0 hand axe (weapon)
Missiles
 e - 11 stones (quivered)
Armour
 b - a +0 robe (worn)
Scrolls
 c - a scroll of noise {unknown}
 d - a scroll of identify {unknown}


   Skills:
 + Level 3.6 Fighting
 + Level 4.0 Axes
 + Level 2.5 Dodging
 + Level 1.5 Stealth


You couldn't memorise any spells.
You didn't know any spells.
Your spell library was empty.

Dungeon Overview and Level Annotations

Branches:
Dungeon (1/15)

Altars:


Message History

HP restored.
Found a stone staircase leading down.
A quokka comes into view.
A quokka is nearby!
The quokka closely misses you.
You closely miss the quokka.
The quokka twitches its whiskers.
The quokka bites you but does no damage.
The quokka bites you.
You barely miss the quokka. The quokka barely misses you.
You closely miss the quokka. The quokka closely misses you.
You hit the quokka.
The quokka is severely wounded.
The quokka bites you.
The quokka bites you but does no damage.
You miss the quokka.
The quokka is severely wounded.
The quokka bites you.
You closely miss the quokka.
The quokka is severely wounded.
The quokka bites you.
You are too injured to fight recklessly!
You are too injured to fight recklessly!
You are too injured to fight recklessly!
You are too injured to fight recklessly!
You are too injured to fight recklessly!
You are too injured to fight recklessly!
You are too injured to fight recklessly!
You are too injured to fight recklessly!
You hit the quokka but do no damage.
The quokka is severely wounded.
The quokka closely misses you. The quokka bites you.
* * * LOW HITPOINT WARNING * * *
You barely miss the quokka.
The quokka is severely wounded.
The quokka barely misses you.
You barely miss the quokka.
The quokka is severely wounded.
The quokka bites you.
You die...

.# .## #.#..!# ..#
...!. ..## #.... ...#
###.#.. ...# .....#
...## #...# ....#
#..########## ....#
#....@r...... ....#
#..##.####.## ....##
#..##.# >....#####
#.....###
.....#...###.........
.........##..........
.........##...#######
....).#.###...#
...)..#......>#


You could see a quokka.

Vanquished Creatures
  A goblin (D:1)
  A kobold (D:1)
2 creatures vanquished.

Notes
Turn   | Place    | Note
-------+----------+-------------------------------------------
     0 | D:1      | GregHouse the Hill Orc Monk began the quest for the Orb.
     0 | D:1      | Reached XP level 1. HP: 19/19 MP: 1/1
   263 | D:1      | Slain by a quokka

Illustrated notes

Levels and vault maps discovered:
D:1:      dpeg_arrival_snail, layout_basic, ebering_ecumenical_altar_hall

Action                   || total
-------------------------++-------
Melee: Hand axe          ||    20
Armor: Robe              ||     4
Dodge: Dodged            ||     9

Table legend: (Time is in decaauts)
 A = Elapsed time spent in this place.
 B = Non-inter-level travel time spent in this place.
 C = Inter-level travel time spent in this place.
 D = Time resting spent in this place.
 E = Time spent auto-exploring this place.
 F = Levels seen in this place.
 G = Mean time per level.
                   A        B        C        D        E       F      G
               +--------+--------+--------+--------+--------+-----+--------+
         Total |    264 |    264 |      0 |      0 |    215 |   1 |  264.0 |
       Dungeon |    264 |    264 |      0 |      0 |    215 |   1 |  264.0 |
               +--------+--------+--------+--------+--------+-----+--------+

Top non-repeatable levels by time:
     D:1: 264 daAuts
